 Dungeon Crawl Stone Soup version 0.30-a0-29-g142975f185 (webtiles) character file.

Game seed: 12644201284247574993

41 innerfire433 the Trooper (level 3, -2/43 HPs)
             Began as a Demonspawn Monk on Aug 26, 2022.
             Slain by a goblin
             ... wielding a +0 club
             ... led by Robin
              (5 damage)
             ... on level 2 of the Dungeon.
             The game lasted 00:02:01 (1710 turns).

innerfire433 the Trooper (Demonspawn Monk)          Turns: 1710, Time: 00:02:02

Health: -2/43      AC:  2    Str: 13    XL:     3   Next: 32%
Magic:  3/3        EV: 12    Int: 11    God:
Gold:   33         SH:  3    Dex: 15    Spells: 2/2 levels left

rFire   . . .      SeeInvis .    a - +0 falchion
rCold   . . .      Faith    .    e - +0 buckler
rNeg    . . .      Spirit   .    b - +0 robe
rPois   .          Reflect  .    (no helmet)
rElec   .          Harm     .    (no cloak)
rCorr   .          Rampage  .    (no gloves)
Will    .....                    (no boots)
Stlth   ..........               (no amulet)
HPRegen 0.14/turn                (no ring)
MPRegen 0.08/turn                (no ring)

@: berserking, very quick
A: powered by pain 1, demonic magic 1
a: no special abilities


You were on level 2 of the Dungeon.
You visited 1 branch of the dungeon, and saw 2 of its levels.

You collected 33 gold pieces.

Inventory:

Hand Weapons
 a - a +0 falchion (weapon)
Armour
 b - a +0 robe (worn)
 e - a +0 buckler (worn)
Jewellery
 f - a +6 ring of strength
Scrolls
 d - a scroll of noise {unknown}
Potions
 g - a potion of berserk rage
 h - a potion of curing {unknown}


   Skills:
 + Level 3.3 Fighting
 * Level 3.2 Long Blades
 + Level 3.1 Dodging
 - Level 2.2 Stealth


You had 2 spell levels left.
You didn't know any spells.
Your spell library was empty.

Dungeon Overview and Level Annotations

Branches:
Dungeon (2/15)

Altars:

Annotations:
D:2 Robin


Innate Abilities, Weirdness & Mutations

You sometimes gain a little power by taking damage.
Spells you cast may paralyse adjacent enemies.


Message History

The giant cockroach closely misses you. The kobold misses you.
The goblin hits you with a +0 dagger. The giant cockroach barely misses you.
You slash the kobold!
You kill the kobold!
The giant cockroach closely misses you.
Robin says, "Bow before me, strongest of all the hobgoblins!"
The goblin hits you with a +0 dagger.
You closely miss the goblin. The giant cockroach closely misses you.
A goblin comes into view. It is wielding a +0 club.
The goblin hits you with a +0 dagger. The goblin closely misses you.
The giant cockroach closely misses you. The goblin barely misses you.
The goblin completely misses you.
You closely miss the goblin. The giant cockroach bites you.
A goblin comes into view. It is wielding a +0 club.
The goblin hits you with a +0 dagger. Robin throws the goblin at you!
The goblin closely misses you.
You hit the goblin.
The goblin is heavily wounded.
You block the giant cockroach's attack. The goblin hits you but does no damage.
The goblin closely misses you. The goblin hits you with a +0 dagger.
The giant cockroach misses you.
You closely miss the goblin.
The goblin is heavily wounded.
The goblin closely misses you. The goblin completely misses you.
The goblin hits you with a +0 dagger.
* * * LOW HITPOINT WARNING * * *
The giant cockroach misses you.
You barely miss the goblin.
The goblin is heavily wounded.
The giant cockroach completely misses you.
The goblin hits you with a +0 club.
* * * LOW HITPOINT WARNING * * *
You block the goblin's attack. Robin throws the goblin at you!
The goblin hits you with a +0 dagger.
* * * LOW HITPOINT WARNING * * *
It was a potion of berserk rage.
A red film seems to cover your vision as you go berserk!
You feel yourself moving faster!
You feel mighty! The giant cockroach closely misses you.
The goblin hits you with a +0 club.
You die...

#.# #
#.# .
#.# .#
#.# .#
#.##.#
#....#
#ggg.#
#<@B.#
##g#.#
#S# ..
#g# ##
#g#
...
#..
###


You could see Robin, an adder, a giant cockroach, a hobgoblin (strong) and 4
goblins.

Vanquished Creatures
  4 ball pythons (D:1)
  4 bats (D:1)
  4 endoplasms
  A giant cockroach (D:1)
  3 goblins
  5 hobgoblins (D:1)
  3 jackals (D:1)
  A quokka (D:1)
  4 frilled lizards (D:1)
  4 kobolds
  4 rats
37 creatures vanquished.

Notes
Turn   | Place    | Note
-------+----------+-------------------------------------------
     0 | D:1      | innerfire433 the Demonspawn Monk began the quest for the
                  | Orb.
     0 | D:1      | Reached XP level 1. HP: 18/18 MP: 1/1
   201 | D:1      | Gained mutation: You sometimes gain a little power by
                  | taking damage. [demonic ancestry]
   201 | D:1      | Reached XP level 2. HP: 21/24 MP: 2/2
   211 | D:1      | Found a faded altar of an unknown god.
   906 | D:1      | Gained mutation: Spells you cast may paralyse adjacent
                  | enemies. [demonic ancestry]
   906 | D:1      | Reached XP level 3. HP: 29/29 MP: 3/3
  1698 | D:2      | Noticed Robin
  1710 | D:2      | Slain by a goblin

Illustrated notes

Levels and vault maps discovered:
D:1:      matt_arrival_diagonals, layout_basic,
          shapermc_ecumenical_altar_notcrosses
D:2:      layout_loops_ring, uniq_robin

Skill      XL: |  1  2 |
---------------+-------+-----
Stealth        | 2 |  2.2
Dodging        | 3 |  3.1
Long Blades    | 3 |  3.2
Fighting       | |  3.3

Action                   || total
-------------------------++-------
Melee: Falchion          ||   119
       Punch             ||     1
  Use: Potion            ||     2
 Stab: Sleeping          ||     5
Armor: Robe              ||    32
Dodge: Dodged            ||    98
Block: Buckler           ||    17

Table legend: (Time is in decaauts)
 A = Elapsed time spent in this place.
 B = Non-inter-level travel time spent in this place.
 C = Inter-level travel time spent in this place.
 D = Time resting spent in this place.
 E = Time spent auto-exploring this place.
 F = Levels seen in this place.
 G = Mean time per level.
                   A        B        C        D        E       F      G
               +--------+--------+--------+--------+--------+-----+--------+
         Total |   1732 |   1732 |      0 |      0 |   1428 |   2 |  866.0 |
       Dungeon |   1732 |   1732 |      0 |      0 |   1428 |   2 |  866.0 |
               +--------+--------+--------+--------+--------+-----+--------+

Top non-repeatable levels by time:
     D:1: 1705 daAuts
     D:2: 26 daAuts
